 Dungeon Crawl Stone Soup version 0.21-a0-329-g12f17e1 (webtiles) character file.

702 Gazorpazorpfield the Archer (level 7, -3/59 HPs)
             Began as a Centaur Hunter on Sept 24, 2017.
             Was a Follower of Okawaru.
             Shot with an arrow by a centaur (7 damage)
             ... on level 5 of the Dungeon on Oct 1, 2017.
             The game lasted 00:11:04 (5226 turns).

Gazorpazorpfield the Archer (Centaur Hunter)        Turns: 5226, Time: 00:11:04

Health: -3/59      AC:  6    Str: 16    XL:     7   Next: 38%
Magic:  7/7        EV: 10    Int: 10    God:    Okawaru [*.....]
Gold:   212        SH:  0    Dex: 10    Spells: 6/6 levels left

rFire    . . .     SeeInvis +   a - +1 shortbow
rCold    . . .     Gourm    .   (shield currently unavailable)
rNeg     . . .     Faith    .   c - +0 leather armour
rPois    .         Spirit   .   x - +1 helmet
rElec    .         Reflect  .   (no cloak)
rCorr    .         Harm     .   (no gloves)
MR       .....                  (no barding)
Stlth    +.........             (no amulet)
HPRegen  0.19/turn              l - ring of wizardry
MPRegen  0.10/turn              v - ring of see invisible

@: about to teleport, very quick
A: hooves 3, deformed body, speed 2, tough skin 3
a: Heroism, Renounce Religion


You were on level 5 of the Dungeon.
You worshipped Okawaru.
Okawaru was aware of your devotion.
You were not hungry.

You visited 2 branches of the dungeon, and saw 6 of its levels.

You collected 212 gold pieces.

Inventory:

Hand Weapons
 a - a +1 shortbow (weapon)
 b - a +0 short sword
 t - a +5 trident of venom
Missiles
 d - 122 arrows (quivered)
Armour
 c - a +0 leather armour (worn)
 x - a +1 helmet (worn)
Jewellery
 l - a ring of wizardry (left hand)
 v - a ring of see invisible (right hand)
Scrolls
 h - 4 scrolls of teleportation
 i - 3 scrolls of identify {unknown}
 k - 2 scrolls of random uselessness {unknown}
 m - a scroll of magic mapping {unknown}
 n - 5 scrolls of remove curse
 o - a scroll of immolation {unknown}
 p - 2 scrolls of recharging {unknown}
 r - a scroll of noise {unknown}
Potions
 e - 7 potions of curing {unknown}
 q - a potion of lignification {unknown}
 s - 3 potions of heal wounds {unknown}
 u - 2 potions of flight {unknown}
 w - 2 potions of haste {unknown}
 z - a potion of might {unknown}
Books
 y - a book of Conjurations

   Spells                             Type                      Level
   a - Magic Dart                     Conjuration                  1
   b - Searing Ray                    Conjuration                  2
   c - Dazzling Spray                 Conjuration/Hexes            3
   d - Fulminant Prism                Conjuration/Hexes            4
   e - Force Lance                    Conjuration/Translocation    4
   f - Iskenderun's Mystic Blast      Conjuration                  4
Comestibles
 f - 3 bread rations
 g - a meat ration
 j - 2 royal jellies


   Skills:
 + Level 4.1 Fighting
 + Level 2.3 Polearms
 * Level 8.9 Bows
 - Level 0.1 Armour
 + Level 3.1 Dodging
 - Level 0.4 Stealth


You had 6 spell levels left.
You didn't know any spells.

Dungeon Overview and Level Annotations

Branches:
Dungeon (5/15)             Temple (1/1) D:4

Altars:
Ashenzari
Cheibriados
Dithmenos
Elyvilon
Fedhas
Kikubaaqudgha
Makhleb
Nemelex Xobeh
Okawaru
Qazlal
Sif Muna
Trog
Uskayaw
Yredelemnul
Zin
The Shining One

Shops:
D:4 =:(


Innate Abilities, Weirdness & Mutations

You have hooves in place of feet.
Armour fits poorly on your strangely shaped body.
You cover ground very quickly.
You have extremely tough skin. (AC +3)


Message History

Aim: a centaur, wielding a shortbow (heavily wounded)
You shoot an arrow.
The arrow completely misses the centaur.
The centaur shoots an arrow.
The arrow hits you.
Firing (i - inventory):
d - 123 arrows (quivered)
Press: ? - help, Shift-Dir - straight line, f/p - centaur
Aim: a centaur, wielding a shortbow (heavily wounded)
You shoot an arrow. The arrow hits the centaur.
The centaur is severely wounded.
The centaur shoots an arrow.
The arrow hits you.
* * * LOW HITPOINT WARNING * * *
The centaur shoots an arrow.
The arrow hits you.
* * * LOW HITPOINT WARNING * * *
You see here an arrow.
You hear the slow hiss of a very distant avalanche of sand.
The centaur shoots an arrow.
The arrow hits you!
* * * LOW HITPOINT WARNING * * *
As you read the scroll of teleportation, it crumbles to dust.
You feel strangely unstable.
The centaur shoots an arrow.
The arrow hits you!
You die...

##...##
##....>.# ##+#
#.#...##
##.######
#.#####
####.......# #.#
.......#.#.# #.#
##....##.#####.#
#.........[....#
##...###.#######
#..@....#
##.###### #.#
#.# #.# ##
##c########
##.##.......c.#
##...#..######.#
##.......# #.#


You could see a centaur.

Vanquished Creatures
  3 phantoms (D:4)
  A scorpion (D:4)
  A bullfrog zombie (D:5)
  2 orc priests (D:4)
  A centaur skeleton (D:4)
  A hound (D:4)
  An orc wizard (D:4)
  2 worker ants (D:4)
  A hound skeleton (D:4)
  Robin (D:3)
  4 adders
  2 adder skeletons
  2 worms
  A dart slug (D:3)
  13 orcs
  3 giant cockroaches
  9 hobgoblins
  10 jackals
  3 quokkas
  2 ball pythons
  3 bats
  3 frilled lizards
  10 goblins
  7 kobolds
  5 rats
91 creatures vanquished.

Vanquished Creatures (others)
  A bush (D:3)
1 creature vanquished.

Grand Total: 92 creatures vanquished

Notes
Turn   | Place    | Note
-------+----------+-------------------------------------------
     0 | D:1      | Gazorpazorpfield the Centaur Hunter began the quest for the Orb.
     0 | D:1      | Reached XP level 1. HP: 17/17 MP: 1/1
   383 | D:1      | Upgraded the game from 0.21-a0-283-g622b906 to 0.21-a0-329-g12f17e1
   644 | D:1      | Reached XP level 2. HP: 23/24 MP: 2/2
  1377 | D:2      | Found a bloodstained altar of Trog.
  1482 | D:2      | Found a bloodstained altar of Trog.
  1498 | D:2      | Reached skill level 6 in Bows
  1498 | D:2      | Reached XP level 3. HP: 29/30 MP: 3/3
  2539 | D:3      | Reached XP level 4. HP: 34/37 MP: 4/4
  2712 | D:3      | Found an ancient bone altar of Kikubaaqudgha.
  2712 | D:3      | Found a white marble altar of Elyvilon.
  2713 | D:3      | Found a glowing silver altar of Zin.
  2713 | D:3      | Found a glowing golden altar of the Shining One.
  2924 | D:3      | Noticed Robin
  3022 | D:3      | Killed Robin
  3458 | D:4      | Reached skill level 7 in Bows
  3458 | D:4      | Reached XP level 5. HP: 41/45 MP: 5/5
  3567 | D:4      | Found a staircase to the Ecumenical Temple.
  3802 | Temple   | Entered the Ecumenical Temple
  3823 | Temple   | Became a worshipper of Warmaster Okawaru
  3864 | D:4      | Found a basalt altar of Yredelemnul.
  3884 | D:4      | Noticed a phantom
  3906 | D:4      | Killed a phantom
  3906 | D:4      | Reached skill level 1 in Polearms
  3906 | D:4      | Reached XP level 6. HP: 33/51 MP: 6/6
  4165 | D:4      | Found Ruahen's Weapon Shoppe.
  4187 | D:4      | Found Woupeipn's Book Shoppe.
  4188 | D:4      | Found Zoschaun's Jewellery Emporium.
  4200 | D:4      | Reached skill level 8 in Bows
  4455 | D:4      | Reached * piety under Okawaru
  4472 | D:4      | Reached XP level 7. HP: 10/58 MP: 7/7
  4840 | D:4      | Found a burning altar of Makhleb.
  5075 | D:5      | Entered Level 5 of the Dungeon
  5226 | D:5      | Shot with an arrow by a centaur

Vault maps used:
D:1:      lemuel_arrival_river_ford
D:2:      bloody_trog, trog_three_pillars_becter
D:3:      chequers_temple_overflow_statue_of_worship, first_bread,
          minmay_hedge_maze, uniq_robin
D:4:      lemuel_coloured_pillars_altar, yredelemnul_altar_generic,
          temple_pool_b, serial_shops, nicolae_shop_trees, shop, shop,
          minmay_crystal_room, minivault_24
D:5:      enter_ossuary_1
Temple:   nicolae_temple_god_jail

Skill      XL: |  1  2  3  4  5  6  7 |
---------------+----------------------+-----
Bows           | 6 7 8 |  8.9
Dodging        | 2 3 |  3.1
Fighting       | 3 4 |  4.1
Polearms       | 1 2 |  2.3
Armour         | |  0.1
Stealth        | |  0.4

Action                   |  1- 3 |  4- 6 |  7- 9 || total
-------------------------+-------+-------+-------++-------
Melee: Short sword       |   154 |    47 |       ||   201
       Kick              |    23 |    15 |     4 ||    42
       Trident           |       |    43 |    14 ||    57
 Fire: Shortbow          |    21 |    80 |    19 ||   120
  Use: Scroll            |       |     2 |     2 ||     4
  Eat: Chunk             |     3 |     5 |     3 ||    11
Armor: Leather armour    |    66 |    29 |     3 ||    98
Dodge: Dodged            |    82 |    56 |     5 ||   143

Table legend:
 A = Spawn XP
 B = Non-spawn XP
 C = Spawn XP percentage of total XP
 D = Spawn monster count
 E = Non-spawn monster count
 F = Spawn count percentage of total count
 G = Total turns spent on level
                    A         B        C        D         E        F      G
               +---------+---------+-------+---------+---------+-------+---------
         Total |       0 |    1003 |   0.0 |       0 |      91 |   0.0 |  5226
               +---------+---------+-------+---------+---------+-------+---------
           D:1 |       0 |      27 |   0.0 |       0 |      18 |   0.0 |  1363
           D:2 |       0 |      41 |   0.0 |       0 |      12 |   0.0 |  1073
           D:3 |       0 |     107 |   0.0 |       0 |      37 |   0.0 |  1015
           D:4 |       0 |     766 |   0.0 |       0 |      21 |   0.0 |  1583
           D:5 |       0 |      62 |   0.0 |       0 |       3 |   0.0 |   151
               +---------+---------+-------+---------+---------+-------+---------
